 Dungeon Crawl Stone Soup version 0.31-a0-408-gb642c7f9a3 (webtiles) character file.

Game seed: 5581204895134580302

21 shadowstone the Stinger (level 2, -3/20 HPs)
             Began as a Draconian Venom Mage on July 29, 2023.
             Slain by an orc
             ... wielding a +0 flail
              (4 damage)
             ... on level 3 of the Dungeon.
             The game lasted 00:03:22 (598 turns).

shadowstone the Stinger (Draconian Venom Mage)       Turns: 598, Time: 00:03:22

Health: -3/20      AC:  4    Str: 10    XL:     2   Next: 62%
Magic:  0/5        EV: 12    Int: 15    God:
Gold:   82         SH:  0    Dex: 11    Spells: 4/5 levels left

rFire   . . .        i - +0 short sword
rCold   . . .        (no shield)
rNeg    . . .        (body armour unavailable)
rPois   .            (helmet currently unavailable)
rElec   .            (cloak currently unavailable)
rCorr   .            (gloves currently unavailable)
SInv    .            (boots currently unavailable)
Will    .....        d - amulet of guardian spirit
Stlth   ++           (no ring)
HPRegen 0.23/turn    (no ring)
MPRegen 0.09/turn

%: guardian spirit
@: beast-form
A: beast (slay +0), AC +4, unfitting armour, cold-blooded
a: Begin Untransformation


You were on level 3 of the Dungeon.
You were a hulking beast.
You visited 1 branch of the dungeon, and saw 3 of its levels.

You collected 82 gold pieces.

Inventory:

Hand Weapons
 i - a +0 short sword (weapon)
Armour
 c - a +0 plate armour
Jewellery
 d - an amulet of guardian spirit (around neck)
Talismans
 g - a beast talisman
Scrolls
 b - 2 scrolls of teleportation {unknown}
 e - a scroll of enchant armour {unknown}
Potions
 a - a potion of magic
 f - a potion of ambrosia {unknown}
 h - a potion of degeneration {unknown}


   Skills:
 + Level 2.0 Dodging
 + Level 1.8 Stealth
 + Level 0.2 Unarmed Combat
 + Level 2.0 Spellcasting
 + Level 1.2 Transmutations
 + Level 3.5 Poison Magic


You had 4 spell levels left.
You knew the following spells:

 Your Spells              Type           Power      Damage    Failure   Level
a - Sting                 Tmut/Pois      32%        1d4       9%          1

Your spell library contained the following spells:

 Spells                   Type           Power      Damage    Failure   Level
 Poisonous Vapours        Pois/Air       12%        N/A       16%         2
 Mephitic Cloud           Conj/Pois/Air  5%         N/A       38%         3
 Olgreb's Toxic Radiance  Pois           12%        N/A       45%         4


Dungeon Overview and Level Annotations

Branches:
Dungeon (3/15)

Altars:


Innate Abilities, Weirdness & Mutations

You are a hulking beast.
Your limbs bulge with bestial killing power. (Slay +0)
Your plain brown scales are hard. (AC +4)
You cannot fit into any form of body armour.
You are cold-blooded and may be slowed by cold attacks.


Message History

The orc wizard casts a spell.
The orc wizard flickers and vanishes!
Deactivating autopickup; reactivate with Ctrl-A.
You're too confused to cast spells.
Unknown command.
Unknown command.
You bump into the rock wall.
You're too confused to cast spells.
Unknown command.
Unknown command.
You're too confused to cast spells.
Unknown command.
You're too confused to cast spells.
Unknown command.
You hit the orc but do no damage. The orc hits you but does no damage.
You closely miss the orc.
Your tail-slap misses the orc.
The orc hits you but does no damage.
You bump into the rock wall.
You feel less confused. The orc completely misses you.
The orc wizard mumbles some strange words.
The orc wizard flickers and vanishes!
You hit something but do no damage. The orc hits you with a +0 flail!
The orc completely misses you. Something hits you.
You hit the orc.
The orc is lightly wounded.
The orc hits you with a +0 flail!
* * * LOW HITPOINT WARNING * * *
The orc barely misses you. Something hits you.
* * * LOW HITPOINT WARNING * * *
You closely miss the orc.
The orc is lightly wounded.
The orc misses you. The orc barely misses you. Something hits you.
* * * LOW HITPOINT WARNING * * *
Something hits you.
* * * LOW HITPOINT WARNING * * *
You hit the orc.
You kill the orc!
Something hits you but does no damage. The orc hits you with a +0 flail.
You die...

## o. >. =# .#
o?# .#...#
##### ##o#...#
#...# #h.....#
#...###).##..#
#............#
#...####.###...
###.####.# .
#....#.####
#.........#
#......<#.#
#......##


You could see an orc.

Vanquished Creatures
  A dart slug (D:1)
  An orc (D:3)
  2 ball pythons (D:2)
  4 endoplasms
  2 goblins
  2 hobgoblins (D:1)
  2 frilled lizards (D:1)
  3 kobolds
  A rat (D:2)
18 creatures vanquished.

Notes
Turn   | Place    | Note
-------+----------+-------------------------------------------
     0 | D:1      | shadowstone the Draconian Venom Mage began the quest for
                  | the Orb.
     0 | D:1      | Reached XP level 1. HP: 14/14 MP: 3/3
   284 | D:1      | Reached XP level 2. HP: 19/20 MP: 1/5
   597 | D:3      | HP: 1/20 [something (1)]
   598 | D:3      | Slain by an orc

Illustrated notes

Levels and vault maps discovered:
D:1:      lightli_arrival_statuegarden, layout_loops_ring
D:2:      layout_rooms
D:3:      layout_basic, mainiacjoe_overflow_paths, gammafunk_ghost_necromancy

Skill      XL: |  1  2 |
---------------+-------+-----
Dodging        | 2 |  2.0
Stealth        | |  1.8
Unarmed Combat | |  0.2
Spellcasting   | |  2.0
Transmutations | |  1.2
Poison Magic   | |  3.5

Action                     || total
---------------------------++-------
  Melee: Unarmed           ||    24
         Tailslap          ||     4
         Punch             ||     3
         Short sword       ||    12
   Cast: Sting             ||    16
   Stab: Sleeping          ||     1
 Armour: Skin              ||     8
  Dodge: Dodged            ||    28
   Form: Beast             ||     1

Table legend: (Time is in decaauts)
 A = Elapsed time spent in this place.
 B = Non-inter-level travel time spent in this place.
 C = Inter-level travel time spent in this place.
 D = Time resting spent in this place.
 E = Time spent auto-exploring this place.
 F = Levels seen in this place.
 G = Mean time per level.
                   A        B        C        D        E       F      G
               +--------+--------+--------+--------+--------+-----+--------+
         Total |    602 |    602 |      0 |     30 |     89 |   3 |  200.7 |
       Dungeon |    602 |    602 |      0 |     30 |     89 |   3 |  200.7 |
               +--------+--------+--------+--------+--------+-----+--------+

Top non-repeatable levels by time:
     D:1: 386 daAuts
     D:2: 158 daAuts
     D:3: 57 daAuts
